 Dungeon Crawl Stone Soup version 0.23-a0-419-g0174fd8 (webtiles) character file.

412 Gorice the Cudgeler (level 7, -4/48 HPs)
             Began as a Human Wanderer on Nov 11, 2018.
             Was an Initiate of Okawaru.
             Killed by divine providence
             ... invoked by an orc priest
              (12 damage)
             ... on level 4 of the Dungeon.
             The game lasted 00:22:38 (4482 turns).

Gorice the Cudgeler (Human Wanderer)                Turns: 4482, Time: 00:22:39

Health: -4/48      AC: 12    Str: 13    XL:     7   Next: 14%
Magic:  11/11      EV:  3    Int: 12    God:    Okawaru [......]
Gold:   205        SH:  0    Dex: 14    Spells: 12/12 levels left

rFire    + . .     SeeInvis .   b - +4 hand axe (elec)
rCold    . . .     Gourm    .   (no shield)
rNeg     . . .     Faith    .   r - +0 plate armour
rPois    .         Spirit   .   (no helmet)
rElec    .         Reflect  .   (no cloak)
rCorr    .         Harm     .   (no gloves)
MR       .....                  p - +0 pair of boots
Stlth    ..........             (no amulet)
HPRegen  0.16/turn              f - ring of protection from fire
MPRegen  0.12/turn              (no ring)

@: about to teleport, hasted, very quick
A: no striking features
a: Renounce Religion


You were on level 4 of the Dungeon.
You worshipped Okawaru.
Okawaru was noncommittal.
You were not hungry.

You visited 2 branches of the dungeon, and saw 5 of its levels.

You collected 205 gold pieces.

Inventory:

Hand Weapons
 a - a +2 mace of protection
   (You found it on level 3 of the Dungeon)
 b - a +4 hand axe of electrocution (weapon)
   (You took it off an orc on level 4 of the Dungeon)
 l - a +2 dagger of holy wrath
   (You took it off a goblin on level 2 of the Dungeon)
 o - a +2 mace
 t - a +1 vampiric war axe
   (You found it on level 3 of the Dungeon)
 x - a +0 flail
 B - a +0 blowgun
Missiles
 h - 25 sling bullets
 i - 59 bolts
 j - 10 tomahawks (quivered)
 Y - 66 stones
Armour
 d - a +0 robe
 p - a +0 pair of boots (worn)
 r - a +0 plate armour (worn)
 y - a +0 scale mail
Jewellery
 f - a ring of protection from fire (left hand)
Wands
 m - a wand of polymorph (12)
 s - a wand of iceblast (6)
Scrolls
 g - a scroll of magic mapping {!r}
 u - a scroll of teleportation {!r}
Potions
 c - 2 potions of lignification {!q}
 e - a potion of ambrosia
 k - 2 potions of curing
 n - a potion of flight
 q - a potion of haste {!q}
 z - a potion of magic {unknown}
Comestibles
 v - 6 rations
 w - 18 chunks of flesh


   Skills:
 - Level 1.0 Fighting
 * Level 5.6 Maces & Flails
 + Level 3.8 Armour
   Level 2.0 Shields
 - Level 3.0 Spellcasting
   Level 2.0 Necromancy


You had 12 spell levels left.
You didn't know any spells.
Your spell library contained the following spells:

 Spells                   Type           Power        Failure   Level  Hunger
 Ensorcelled Hibernation  Hex/Ice        #.....       100%        2    ###....
 Throw Frost              Conj/Ice       #.....       100%        2    ###....


Dungeon Overview and Level Annotations

Branches:
Dungeon (4/15)             Temple (1/1) D:4

Altars:
Ashenzari
Cheibriados
Elyvilon
Gozag
Makhleb
Nemelex Xobeh
Okawaru
Qazlal
Ru
Sif Muna
Trog
Uskayaw
Vehumet
Wu Jian
Xom

Annotations:
D:3 3 runed doors, feelmyfire's ghost, amateur NaNe


Message History

The orc priest looks satisfied for a moment.
The orc priest calls down the wrath of Beogh upon you.
Beogh smites you!
* * * LOW HITPOINT WARNING * * *
There is an open door here.
Damage: 15 (max 15)
You slash the orc! Lightning courses through the orc!
You kill the orc!
Okawaru accepts your kill.
You start resting.
The orc priest is too close now for your liking.
You miss something. Something hits you but does no damage.
You closely miss something. Something hits you but does no damage.
You closely miss the orc priest. You miss something.
You hear some strange, mumbled words.
A magic dart appears from out of thin air!
The magic dart hits you! The orc priest completely misses you.
You closely miss the orc priest. You miss something.
Something hits you but does no damage.
The orc priest invokes the aid of Beogh against you.
Beogh smites you!
* * * LOW HITPOINT WARNING * * *
You hear a shout! x2
Damage: 11 (max 11)
You hit the orc priest.
The orc priest is moderately wounded.
You hit something but do no damage. Something hits you but does no damage.
The orc priest hits you but does no damage.
An orc priest comes into view.
You hit the orc priest.
The orc priest is severely wounded.
Your plate armour prevents you from hitting something.
Something hits you but does no damage.
The orc priest calls down the wrath of Beogh upon you.
Pain shoots through your body!
* * * LOW HITPOINT WARNING * * *
The orc priest calls upon Beogh to heal the orc priest.
The orc priest is healed somewhat.
Something hits you but does no damage.
Damage: 3 (max 11) Unknown command.
Unknown command.
Unknown command.
Really read
u - 2 scrolls of teleportation {!r}?
As you read the scroll of teleportation {!r}, it crumbles to dust.
You feel strangely unstable. The orc priest barely misses you.
Something hits you but does no damage.
It was a potion of haste.
You feel yourself speed up.
The orc priest invokes the aid of Beogh against you.
Beogh smites you!
You die...

..........#......#...........#
..........###...##....########
#######.....###'###'####.....#
..# #.....#................#
..# #.....#................#
..# #.....#................#
..# #.....#................#
..# #.....#..o.............#
..# #.....#.o{@............#
### #.....#†################
..# ###..............a. ..#
#..........o....o ..#
#................ ..#
#................ ..###
#................ ....#
#.......######### ....#
#.......+


You could see 2 orc priests.

Vanquished Creatures
  An ogre (D:4)
  An orc priest (D:4)
  3 orc wizards
  2 worker ants (D:4)
  3 adders
  3 gnolls
  An ooze (D:3)
  3 dart slugs
  A leopard gecko (D:2)
  15 orcs
  6 giant cockroaches
  9 goblins
  11 hobgoblins
  4 jackals
  7 kobolds
  A quokka (D:3)
  4 ball pythons
  6 bats
  A frilled lizard (D:3)
  7 rats
89 creatures vanquished.

Vanquished Creatures (others)
  4 fungi (D:3)
4 creatures vanquished.

Grand Total: 93 creatures vanquished

Notes
Turn   | Place    | Note
-------+----------+-------------------------------------------
     0 | D:1      | Gorice the Human Wanderer began the quest for the Orb.
     0 | D:1      | Gorice set off with the following items: a +2 mace, a
                  | potion of lignification {!q}, a +0 robe, a ration; and the
                  | following spells available to memorise: Ensorcelled
                  | Hibernation, Throw Frost
     0 | D:1      | Reached XP level 1. HP: 15/15 MP: 4/4
   215 | D:1      | Reached XP level 2. HP: 21/21 MP: 6/6
   243 | D:1      | Reached skill level 2 in Maces & Flails
   567 | D:1      | Reached XP level 3. HP: 24/26 MP: 7/7
  1530 | D:2      | Reached skill level 2 in Armour
  1561 | D:2      | Reached skill level 3 in Maces & Flails
  1561 | D:2      | Reached XP level 4. HP: 32/32 MP: 8/8
  2545 | D:3      | Found a runed gate.
  2556 | D:3      | Noticed a big kobold
  2557 | D:3      | Found a runed gate.
  2558 | D:3      | Found a runed gate.
  2558 | D:3      | Noticed feelmyfire's ghost (amateur NaNe)
  2622 | D:3      | Reached XP level 5. HP: 32/37 MP: 9/9
  2755 | D:2      | Found a shimmering altar of Xom.
  2755 | D:2      | Found a burning altar of Makhleb.
  2978 | D:3      | Reached skill level 4 in Maces & Flails
  3087 | D:3      | Found a sacrificial altar of Ru.
  3183 | D:3      | Found a sparkling altar of Nemelex Xobeh.
  3184 | D:3      | Found an opulent altar of Gozag.
  3296 | D:3      | Found a hide-covered altar of Uskayaw.
  3472 | D:4      | Reached skill level 3 in Armour
  3472 | D:4      | Reached XP level 6. HP: 40/43 MP: 10/10
  3627 | D:4      | HP: 3/43 [orc priest/divine providence (15)]
  3634 | D:4      | HP: 2/43 [orc/+0 mace (2)]
  3983 | D:4      | Found a staircase to the Ecumenical Temple.
  3991 | D:4      | Noticed an ogre
  4000 | D:4      | Killed an ogre
  4000 | D:4      | Reached skill level 5 in Maces & Flails
  4022 | Temple   | Entered the Ecumenical Temple
  4100 | Temple   | Became a worshipper of Warmaster Okawaru
  4274 | D:4      | Reached XP level 7. HP: 46/48 MP: 11/11
  4478 | D:4      | HP: 10/48 [orc priest/divine providence (11)]
  4482 | D:4      | Killed from afar by an orc priest

Vault maps used:
D:1:      dpeg_arrival_solitude, patterned_corridor
D:2:      nicolae_overflow_hidden_temple, first_ration, minmay_statues_item
D:3:      grunt_temple_overflow_opulence, lemuel_coloured_pillars_altar,
          gammafunk_ghost_nasty_kobolds, nicolae_ru_great_annihilating_truth
D:4:      minmay_temple_entry_butterflies
Temple:   eino_temple_lava

Skill      XL: |  1  2  3  4  5  6 |
---------------+-------------------+-----
Maces & Flails | 2 3 4 5 |  5.6
Armour         | 2 3 |  3.8
Fighting       | |  1.0
Shields        | |  2.0
Spellcasting   | |  3.0
Necromancy     | |  2.0

Action                   |  1- 3 |  4- 6 |  7- 9 || total
-------------------------+-------+-------+-------++-------
Melee: Mace              |    83 |   182 |    37 ||   302
       Hand axe          |       |       |     7 ||     7
Throw: Tomahawk          |       |    13 |       ||    13
Evoke: Wand              |       |     3 |       ||     3
  Use: Scroll            |     3 |     6 |     1 ||    10
       Potion            |       |       |     1 ||     1
  Eat: Chunk             |     2 |     9 |     1 ||    12
Armor: Scale mail        |    38 |    19 |       ||    57
       Plate armour      |       |   116 |    68 ||   184
Dodge: Dodged            |    29 |    35 |     7 ||    71

Table legend:
 A = Non-vault XP
 B = Vault XP
 C = Vault XP percentage of total XP
 D = Non-vault monster count
 E = Vault monster count
 F = Vault count percentage of total count
                 A         B        C        D         E       F
            +---------+---------+-------+---------+---------+-------
      Total |     549 |      40 |   6.8 |      85 |       4 |   4.5
            +---------+---------+-------+---------+---------+-------
        D:1 |      56 |       0 |   0.0 |      26 |       0 |   0.0
        D:2 |      73 |       0 |   0.0 |      17 |       0 |   0.0
        D:3 |      79 |      40 |  33.6 |      24 |       4 |  14.3
        D:4 |     341 |       0 |   0.0 |      18 |       0 |   0.0
            +---------+---------+-------+---------+---------+-------

Table legend:
 A = Turns spent in this place as a percentage of turns spent in the entire game.
 B = Non-inter-level travel turns spent in this place as a percentage of non-inter-level travel turns spent in the entire game.
 C = Inter-level travel turns spent in this place as a percentage of turns spent in this place.
 D = Turns resting spent in this place as a percentage of non-inter-level travel turns spent in this place.
 E = Turns spent auto-exploring this place as a percentage of non-inter-level travel turns spent in this place.
 F = Non-inter-level travel turns spent in this place divided by the number of levels of this place that you've seen.
                   A       B       C       D       E      F
               +-------+-------+-------+-------+-------+----------------------
         Total | 100.0 | 100.0 |   2.9 |  25.4 |  44.9 | 870.8
       Dungeon |  96.0 |  95.8 |   3.0 |  24.3 |  45.3 | 1043.2
        Temple |   4.0 |   4.2 |   0.0 |  50.8 |  34.8 | 181.0
               +-------+-------+-------+-------+-------+----------------------

Vault maps used:
D:1:      dpeg_arrival_solitude, patterned_corridor
D:2:      nicolae_overflow_hidden_temple, first_ration, minmay_statues_item
D:3:      grunt_temple_overflow_opulence, lemuel_coloured_pillars_altar,
          gammafunk_ghost_nasty_kobolds, nicolae_ru_great_annihilating_truth
D:4:      minmay_temple_entry_butterflies
Temple:   eino_temple_lava
